 Dungeon Crawl Stone Soup version 0.30-a0-778-g2ef04afb54 (webtiles) character file.

Game seed: 15672191093233007932

28094 DEFE the Thaumaturge (level 13, -7/90 HPs)
             Began as a Demonspawn Wanderer on Feb 16, 2023.
             Was an Elder of Vehumet.
             Mangled by an eight-headed hydra (13 damage)
             ... on level 3 of the Lair of Beasts.
             The game lasted 00:32:19 (20295 turns).

DEFE the Thaumaturge (Demonspawn Wanderer)         Turns: 20295, Time: 00:32:20

Health: -7/90      AC:  8    Str: 11    XL:     13   Next: 7%
Magic:  16/27      EV: 11    Int: 32    God:    Vehumet [****..]
Gold:   513        SH:  5    Dex: 13    Spells: 18/33 levels left

rFire   . . .      SeeInvis .    n - staff of conjuration
rCold   . . .      Faith    .    (no shield)
rNeg    . . .      Spirit   .    y - +2 robe {Will+}
rPois   .          Reflect  +    u - +0 helmet
rElec   .          Harm     .    g - +0 cloak
rCorr   .          Rampage  .    b - +0 pair of gloves
Will    +....                    S - +0 pair of boots
Stlth   ++                       l - amulet of reflection
HPRegen 0.35/turn                q - +6 ring of intelligence
MPRegen 0.40/turn                P - ring of wizardry

@: no status effects
A: magic regeneration, big brain 3, weakness stinger 1
a: Renounce Religion


You were on level 3 of the Lair of Beasts.
You worshipped Vehumet.
Vehumet was greatly pleased with you.
You visited 3 branches of the dungeon, and saw 15 of its levels.
You also visited: Sewer.

You collected 799 gold pieces.
You spent 286 gold pieces at shops.

Inventory:

Hand Weapons
 e - a +0 whip of electrocution
 U - the +3 short sword of Wounding {spect, Fly rC+}
   (You found it on level 8 of the Dungeon)

   rC:        It protects you from cold.
   Fly:       It grants you flight.
Missiles
 o - 17 throwing nets
 s - 29 poisoned darts
Armour
 b - a +0 pair of gloves (worn)
 d - a +0 robe
 g - a +0 cloak (worn)
 u - a +0 helmet (worn)
 v - a scarf of invisibility
 y - a +2 robe of willpower (worn)
 G - a +2 leather armour of cold resistance
 S - a +0 pair of boots (worn)
 W - a +0 troll leather armour
 Y - a +0 leather armour of fire resistance
Magical Staves
 n - a staff of conjuration (weapon)
Jewellery
 j - a ring of ice
 l - an amulet of reflection (around neck)
 q - a +6 ring of intelligence (left hand)
 z - an amulet of magic regeneration
 I - a +6 ring of dexterity
 J - a ring of fire
 P - a ring of wizardry (right hand)
Wands
 a - a wand of polymorph (5)
 B - a wand of roots (3)
 F - a wand of digging (2)
 Q - a wand of flame (7)
 R - a wand of charming (7)
Scrolls
 f - a scroll of teleportation
 h - 3 scrolls of vulnerability
 i - 3 scrolls of amnesia
 p - 2 scrolls of summoning
 t - 5 scrolls of immolation
 D - 2 scrolls of enchant weapon
 E - 3 scrolls of brand weapon
 H - 2 scrolls of fear
 L - a scroll of enchant armour
 M - 7 scrolls of poison
 N - 2 scrolls of fog
 V - a scroll of magic mapping
Potions
 c - 3 potions of might
 k - 3 potions of brilliance
 m - 3 potions of mutation
 r - 5 potions of flight
 w - 2 potions of cancellation
 x - a potion of curing
 A - 2 potions of berserk rage {unknown}
 C - 2 potions of lignification {unknown}
 K - 3 potions of attraction {unknown}
 O - a potion of invisibility
 T - 3 potions of heal wounds {unknown}
 X - a potion of haste
 Z - a potion of magic {unknown}


   Skills:
 - Level 4.4 Fighting
 - Level 1.0 Ranged Weapons
 - Level 1.0 Stealth
 - Level 10.8 Spellcasting
 + Level 6.0 Conjurations
 - Level 8.4 Summonings
 + Level 4.4 Fire Magic
 - Level 6.7 Ice Magic
 - Level 2.8 Air Magic
 - Level 10.0 Poison Magic
 + Level 8.8 Evocations


You had 18 spell levels left.
You knew the following spells:

 Your Spells              Type           Power      Damage    Failure   Level
a - Summon Small Mammal   Summ           100%       N/A       1%          1
b - Summon Ice Beast      Ice/Summ       60%        N/A       1%          4
c - Olgreb's Toxic Radia  Pois           69%        N/A       1%          4
d - Static Discharge      Conj/Air       100%       2-7/arc   1%          2
e - Flame Wave            Conj/Fire      66%        2d15      1%          4

Your spell library contained the following spells:

 Spells                   Type           Power      Damage    Failure   Level
 Magic Dart               Conj           100%       1d8       1%          1
 Sting                    Tmut/Pois      100%       1d8       1%          1
 Call Imp                 Summ           63%        N/A       1%          2
 Poisonous Vapours        Pois/Air       100%       N/A       1%          2
 Mephitic Cloud           Conj/Pois/Air  72%        N/A       1%          3
 Portal Projectile        Hex/Tloc       34%        N/A       2%          3
 Tukima's Dance           Hex            17%        N/A       2%          3
 Blade Hands              Tmut           8%         N/A       21%         5


Dungeon Overview and Level Annotations

Branches:
Dungeon (11/15)            Temple (1/1) D:7            Lair (3/5) D:9
 Spider (0/4) Lair:2          Orc (0/2) D:11          Sewer (visited)
  Swamp: Lair:2-3    Shoals: Lair:2-3

Altars:
Ashenzari
Cheibriados
Dithmenos
Fedhas
Gozag
Hepliaklqana
Kikubaaqudgha
Makhleb
Nemelex Xobeh
Okawaru
Qazlal
Ru
Sif Muna
Trog
Uskayaw
Vehumet
Wu Jian
Xom
Yredelemnul

Shops:
D:2 ?   D:6 *   D:8 (

Annotations:
D:3 1 runed translucent door, Pascal76's ghost, amateur HuBe


Innate Abilities, Weirdness & Mutations

You regenerate magic rapidly.
You have an absolutely massive brain. (Int +6, Wiz)
You have a small tail.


Message History

The eight-headed hydra bites you! x2
Unknown command.
You take 26 damage, and have 57/90 hp.
MASSIVE DAMAGE!!
You now have 16/27 mp.
Unknown command.
A wave of flame ripples out!
The flame wave engulfs the eight-headed hydra.
The eight-headed hydra bites you.
The eight-headed hydra completely misses you.
The eight-headed hydra bites you but does no damage.
You block the eight-headed hydra's attack.
The eight-headed hydra bites you.
The eight-headed hydra closely misses you.
The eight-headed hydra bites you.
The eight-headed hydra bites you but does no damage.
Unknown command.
You take 7 damage, and have 50/90 hp.
Unknown command.
A wave of flame ripples out!
The flame wave engulfs the eight-headed hydra.
The eight-headed hydra bites you.
The eight-headed hydra barely misses you.
The eight-headed hydra bites you! x2; The eight-headed hydra bites you.
* * * LOW HITPOINT WARNING * * *
The eight-headed hydra bites you.
* * * LOW HITPOINT WARNING * * *
The eight-headed hydra bites you.
* * * LOW HITPOINT WARNING * * *
The eight-headed hydra bites you!
* * * LOW HITPOINT WARNING * * *
Unknown command.
Unknown command.
You take 45 damage, and have 5/90 hp.
MASSIVE DAMAGE!!
You now have 15/27 mp.
As you read the scroll of fear, it crumbles to dust.
You assume a fearsome visage.
The eight-headed hydra easily resists.
The blink frog easily resists.
The eight-headed hydra bites you!
You die...

....#......#.#........~.♣~♣
#.....#..#####...##...≈..~♣
#....#....####...##.†.≈..≈♣
#....#..÷..##....##......♣♣ #
###..⌠.<.⌠.+....##......♣ #
###.....#.....#:...♣..♣
########.⌠.#..#####.....⌠⌠..
.......##.##.#..#.#..........
................@†...........
................D.......
........................
...................F....
........................
........................
........................
........................
.......P....#....


You could see an eight-headed hydra and a blink frog.

Vanquished Creatures
  A hydra (Lair:2)
  A boulder beetle (Lair:3)
  A death yak (Lair:2)
  A bog body (Lair:3)
  A manticore (D:11)
  8 elephants
  3 black mambas
  Joseph (D:7)
  5 cane toads
  2 torpor snails (Lair:2)
  3 komodo dragons
  A rime drake (Lair:1)
  A troll (D:11)
  2 polar bears (Lair:1)
  8 blink frogs
  Grinder (D:4)
  23 yaks
  2 wraiths
  2 humans (D:7)
  A shadow (D:9)
  3 wyverns
  4 basilisks
  A vampire mosquito (D:9)
  3 swamp worms (Lair:3)
  6 water moccasins
  3 orc warriors
  A black bear (D:7)
  3 wolves (Lair:3)
  An ogre (D:5)
  2 centaurs
  A lemure (D:6)
  A kobold brigand (D:10)
  4 bullfrogs
  2 scorpions (Lair:2)
  4 gnoll sergeants (D:8)
  7 wights
  9 killer bees
  A vampire bat (D:6)
  4 howler monkeys (D:10)
  7 hounds
  3 gnoll boudas (D:8)
  5 orc priests
  3 orc wizards
  Natasha (D:2)
  2 hell rats (Lair:2)
  31 gnolls
  7 adders
  A river rat (Sewer)
  A shadow imp (D:8)
  A white imp (D:6)
  3 ufetubi
  6 worms
  A dart slug (D:4)
  29 orcs
  4 bat skeletons (D:6)
  A bat zombie (D:6)
  9 endoplasms
  8 giant cockroaches
  10 goblins
  6 hobgoblins
  8 jackals
  8 kobolds
  2 quokkas
  9 ball pythons
  9 bats
  6 frilled lizards
  7 rats
316 creatures vanquished.

Vanquished Creatures (collateral kills)
  A hydra (Lair:3)
  Pikel (D:6)
  2 black mambas (Lair:3)
  2 cane toads (Lair:2)
  2 komodo dragons
  A troll (D:9)
  A blink frog (Lair:3)
  A wraith (D:11)
  2 wyverns
  Eustachio (D:6)
  A basilisk (Lair:2)
  A vampire mosquito (D:9)
  Menkaure (D:4)
  Edmund (D:4)
  An acid dragon (D:9)
  4 water moccasins
  A black bear (Lair:1)
  An orc warrior (D:9)
  2 ogres (D:5)
  A centaur (D:7)
  3 lemures (D:6)
  Blork the orc (D:5)
  2 bullfrogs
  2 scorpions (D:5)
  A gnoll sergeant (D:5)
  5 wights (D:7)
  3 killer bees (D:5)
  2 vampire bats (D:6)
  A hound (D:5)
  An orc priest (D:5)
  2 iguanas (Lair:2)
  Ijyb (D:3)
  An orc wizard (D:5)
  2 hell rats (Lair:2)
  Robin (D:3)
  3 gnolls (D:3)
  5 river rats (Sewer)
  7 adders
  A shadow imp (D:7)
  An ufetubus (D:5)
  3 worms
  A dart slug (D:4)
  10 orcs
  2 bat skeletons (D:6)
  4 endoplasms (Sewer)
  2 giant cockroaches (D:6)
  4 goblins
  A hobgoblin (D:4)
  A jackal (Sewer)
  A quokka (Sewer)
  3 ball pythons
  3 bats
  2 frilled lizards (Sewer)
  A rat (D:6)
111 creatures vanquished.

Vanquished Creatures (others)
  A cane toad (Lair:2)
  A yak (Lair:2)
  A scorpion (Lair:2)
  3 hell rats (Lair:2)
  49 fungi
  84 plants
139 creatures vanquished.

Grand Total: 566 creatures vanquished

Notes
Turn   | Place    | Note
-------+----------+-------------------------------------------
     0 | D:1      | DEFE the Demonspawn Wanderer began the quest for the Orb.
     0 | D:1      | DEFE set off with the following items: a +0 sling, a +0
                  | pair of gloves, a potion of might, a +0 robe; and the
                  | following spell memorised: Summon Small Mammal; and the
                  | following spells available to memorise: Call Imp, Summon
                  | Ice Beast.
     0 | D:1      | Reached XP level 1. HP: 18/18 MP: 3/3
     4 | D:1      | Noticed a death yak
   169 | D:1      | Gained mutation: You have an unusually large brain. (Int
                  | +2) [demonic ancestry]
   169 | D:1      | Reached XP level 2. HP: 24/24 MP: 5/5
   694 | D:1      | Reached XP level 3. HP: 30/30 MP: 6/6
   779 | D:1      | Noticed an elephant
  1172 | D:2      | Found Tyipuh's Magic Scroll Shop.
  1277 | D:2      | Bought a scroll of identify for 26 gold pieces
  1626 | D:2      | Noticed Natasha
  1823 | D:2      | Killed Natasha
  1824 | D:2      | Gained mutation: You have an extremely huge brain. (Int +4)
                  | [demonic ancestry]
  1824 | D:2      | Reached XP level 4. HP: 16/38 MP: 4/7
  1912 | D:2      | Learned a level 4 spell: Summon Ice Beast
  3367 | D:3      | Noticed Robin
  3376 | D:3      | Gained mutation: You have an absolutely massive brain. (Int
                  | +6, Wiz) [demonic ancestry]
  3376 | D:3      | Reached XP level 5. HP: 36/43 MP: 9/9
  3384 | D:3      | Killed Robin
  3471 | D:3      | Reached skill level 1 in Ice Magic
  3555 | D:3      | Found a runed translucent door.
  3913 | D:3      | Noticed Pascal76's ghost (amateur HuBe)
  4026 | D:3      | Noticed Ijyb
  4725 | D:3      | Killed Ijyb
  4824 | D:4      | Noticed Menkaure
  4896 | D:4      | Gained mutation: You have a small tail. [demonic ancestry]
  4896 | D:4      | Reached XP level 6. HP: 49/49 MP: 10/10
  5081 | D:4      | Noticed Edmund
  5115 | D:4      | Killed Edmund
  5116 | D:4      | Reached skill level 5 in Summonings
  5325 | D:4      | Found a sparkling altar of Nemelex Xobeh.
  5348 | D:4      | Noticed Grinder
  5376 | D:4      | Paralysed by Grinder for 5 turns
  5386 | D:4      | Killed Grinder
  5387 | D:4      | Gained mutation: You regenerate magic rapidly. [demonic
                  | ancestry]
  5387 | D:4      | Reached XP level 7. HP: 46/55 MP: 6/11
  5621 | D:4      | Killed Menkaure
  5931 | D:5      | Entered Level 5 of the Dungeon
  5938 | D:5      | Noticed Blork the orc
  5946 | D:5      | Killed Blork the orc
  6027 | D:5      | Learned a level 4 spell: Olgreb's Toxic Radiance
  6105 | D:5      | Reached skill level 5 in Ice Magic
  6105 | D:5      | Reached XP level 8. HP: 61/61 MP: 9/12
  6709 | D:6      | Noticed Eustachio
  6729 | D:6      | Killed Eustachio
  6893 | D:6      | Found a glowing drain.
  6908 | Sewer    | Entered a sewer
  7372 | Sewer    | Reached skill level 1 in Poison Magic
  7709 | D:6      | Found Iroumih's General Store.
  7717 | D:6      | Bought a potion of invisibility for 104 gold pieces
  7717 | D:6      | Bought a potion of cancellation for 104 gold pieces
  7717 | D:6      | Bought a scroll of poison for 52 gold pieces
  7753 | D:6      | Reached XP level 9. HP: 63/66 MP: 13/13
  7890 | D:6      | Noticed Pikel
  7911 | D:6      | Killed Pikel
  8138 | D:6      | Found an ancient bone altar of Kikubaaqudgha.
  8505 | D:7      | Reached skill level 5 in Spellcasting
  8611 | D:7      | Found an iron altar of Okawaru.
  8770 | D:7      | Noticed Joseph
  8782 | D:7      | Killed Joseph
  8783 | D:7      | Reached skill level 5 in Poison Magic
  9063 | D:7      | Reached XP level 10. HP: 31/73 MP: 19/19
  9363 | D:7      | Found a staircase to the Ecumenical Temple.
  9369 | Temple   | Entered the Ecumenical Temple
  9378 | Temple   | Became a worshipper of Vehumet
  9677 | D:8      | Identified the +3 short sword of Wounding {spect, Fly rC+}
  9954 | D:8      | Reached * piety under Vehumet
  9954 | D:8      | Offered knowledge of Shock by Vehumet.
 10340 | D:8      | Offered knowledge of Static Discharge by Vehumet.
 10342 | D:8      | Reached ** piety under Vehumet
 10684 | D:8      | Found Myviurch's Antique Weapon Emporium.
 11005 | D:9      | Learned a level 2 spell: Static Discharge
 11444 | D:9      | Found a stormy altar of Qazlal.
 11812 | D:9      | Found a shimmering altar of Xom.
 11864 | D:9      | Found a staircase to the Lair.
 12121 | D:9      | Found a burning altar of Makhleb.
 12456 | D:10     | Entered Level 10 of the Dungeon
 12696 | D:10     | Offered knowledge of Momentum Strike by Vehumet.
 12700 | D:10     | Reached XP level 11. HP: 70/78 MP: 16/23
 12944 | D:10     | Found a sacrificial altar of Ru.
 13028 | D:10     | Reached *** piety under Vehumet
 13383 | D:11     | Reached skill level 1 in Evocations
 13844 | D:11     | Found a staircase to the Orcish Mines.
 13891 | D:11     | HP: 2/78 [manticore/volley of spikes (17)]
 14186 | Lair:1   | Entered Level 1 of the Lair of Beasts
 15030 | Lair:1   | Reached skill level 10 in Poison Magic
 15565 | Lair:2   | Reached skill level 10 in Spellcasting
 16383 | Lair:2   | Offered knowledge of Inner Flame by Vehumet.
 16384 | Lair:2   | Reached skill level 5 in Evocations
 16815 | Lair:2   | HP: 2/78 [torpor snail (10)]
 16816 | Lair:2   | Reached XP level 12. HP: 3/84 MP: 22/26
 17230 | Lair:2   | Found a hole to the Spider Nest.
 17255 | Lair:2   | Noticed a death yak
 17311 | Lair:2   | Killed a death yak
 17312 | Lair:2   | Reached skill level 1 in Conjurations
 17312 | Lair:2   | Reached skill level 1 in Air Magic
 17497 | Lair:2   | Noticed a six-headed hydra
 17509 | Lair:2   | Killed a six-headed hydra
 18078 | Lair:3   | Reached **** piety under Vehumet
 18360 | Lair:3   | Found an ancient bone altar of Kikubaaqudgha.
 18541 | Lair:3   | Offered knowledge of Flame Wave by Vehumet.
 18730 | Lair:3   | Learned a level 4 spell: Flame Wave
 18779 | Lair:3   | Noticed a six-headed hydra
 18787 | Lair:3   | Killed a six-headed hydra
 18788 | Lair:3   | Reached skill level 1 in Fire Magic
 19178 | Lair:3   | Noticed a boulder beetle
 19190 | Lair:3   | Killed a boulder beetle
 19222 | Lair:3   | Reached skill level 5 in Conjurations
 19727 | Lair:3   | Reached XP level 13. HP: 84/90 MP: 7/27
 20295 | Lair:3   | Mangled by an eight-headed hydra

Illustrated notes

Levels and vault maps discovered:
D:1:      sevenhm_arrival_forest_fort_small_2, layout_basic,
          hangedman_feature_mirror, nrook_mini_vaults
D:2:      minmay_general_purpose_star, layout_basic, serial_shops,
          nicolae_diamond_shop, chequers_serial_rivers_small_3, uniq_natasha
D:3:      layout_loops_ring, gammafunk_ghost_grave, uniq_robin, uniq_ijyb
D:4:      layout_basic, mainiacjoe_overflow_catwalk, moated_statue,
          uniq_grinder, uniq_edmund, uniq_menkaure
D:5:      layout_gridville, st_stairs_14, uniq_blork_the_orc
D:6:      layout_rooms, kennysheep_vampire_church, serial_shops,
          nicolae_stop_n_shop_1, portal_sewer_entry_a, uniq_eustachio,
          uniq_pikel
D:7:      layout_rooms, okawaru_humans, minmay_temple_entry_gardened_gates,
          uniq_joseph
D:8:      layout_cave_pools, serial_gnoll_camp, gnoll_camp_mini_shop,
          gnoll_camp_huts_moat, gnoll_camp_mini_house, gnoll_camp_mini_house,
          gnoll_camp_medium_02, gnoll_camp_mini_hut, hangedman_decor_growths
D:9:      layout_basic, overflow_temple_1_default,
          mainiacjoe_overflow_big_doors, lair_entry_dummy
D:10:     layout_roguey, marbit_many_paths
D:11:     layout_loops_cross, orc_0_dummy
Temple:   nicolae_temple_no_exploring_needed
Lair:1:   layout_regular_city
Lair:2:   layout_small_grid, nicolae_spider_entry_non_spiders,
          beast_lair_carwin_6, grunt_megastairs_5
Lair:3:   minmay_lair_venomous_thicket, layout_regular_city,
          nicolae_swamp_entry_splash_gauntlet, basic_altar, st_stairs_8,
          beast_lair_carwin_11, grunt_megastairs_3, lemuel_fruit_tree

Skill      XL: |  1  2  3  4  5  6  7  8  9 10 11 12 13 |
---------------+----------------------------------------+-----
Fighting       | 4 |  4.4
Summonings     | 4 5 6 8 |  8.4
Ice Magic      | 2 3 5 6 |  6.7
Spellcasting   | 3 6 8 10 | 10.8
Poison Magic   | 1 6 8 10 | 10.0
Evocations     | 5 8 |  8.8
Conjurations   | 5 6 |  6.0
Air Magic      | 2 |  2.8
Fire Magic     | 4 |  4.4
Ranged Weapons | |  1.0
Stealth        | |  1.0

Action                     |  1- 3 |  4- 6 |  7- 9 | 10-12 | 13-15 || total
---------------------------+-------+-------+-------+-------+-------++-------
  Melee: Sling             |       |     1 |       |       |       ||     1
         Dagger            |       |    37 |   259 |    12 |       ||   308
         Tailslap          |       |     2 |    38 |    42 |       ||    82
         Punch             |       |       |     5 |     7 |       ||    12
         Short sword       |       |       |       |   213 |       ||   213
         Staff             |       |       |       |     1 |       ||     1
   Fire: Sling             |   166 |   145 |       |       |       ||   311
   Cast: Summon Small Mamm |     8 |       |     4 |     2 |       ||    14
         Summon Ice Beast  |       |    12 |    36 |    46 |       ||    94
         Olgreb's Toxic Ra |       |       |     9 |    97 |       ||   106
         Static Discharge  |       |       |       |    12 |       ||    12
         Flame Wave        |       |       |       |    20 |     7 ||    27
  Evoke: Wand              |       |     1 |     8 |    33 |     1 ||    43
    Use: Scroll            |     4 |     1 |     9 |     7 |     1 ||    22
         Potion            |       |     2 |       |     3 |       ||     5
   Stab: Sleeping          |       |     1 |       |     1 |       ||     2
         Distracted        |       |       |     1 |     7 |       ||     8
 Armour: Robe              |    46 |    48 |   110 |    97 |     6 ||   307
  Dodge: Dodged            |    71 |    74 |   196 |   202 |    12 ||   555
  Block: Other             |       |    34 |    82 |    77 |     4 ||   197
         Reflection        |       |     1 |     1 |     6 |       ||     8

Table legend: (Time is in decaauts)
 A = Elapsed time spent in this place.
 B = Non-inter-level travel time spent in this place.
 C = Inter-level travel time spent in this place.
 D = Time resting spent in this place.
 E = Time spent auto-exploring this place.
 F = Levels seen in this place.
 G = Mean time per level.
                   A        B        C        D        E       F      G
               +--------+--------+--------+--------+--------+-----+--------+
         Total |  20613 |  19809 |    804 |   8675 |   7522 |  16 | 1288.3 |
       Dungeon |  13527 |  12867 |    660 |   5013 |   5296 |  11 | 1229.7 |
        Temple |     16 |     10 |      6 |      0 |      0 |   1 |   16.0 |
          Lair |   6142 |   6005 |    137 |   3579 |   1546 |   3 | 2047.3 |
         Sewer |    927 |    927 |      0 |     83 |    679 |   1 |  927.0 |
               +--------+--------+--------+--------+--------+-----+--------+

Top non-repeatable levels by time:
  Lair:2: 3117 daAuts
     D:2: 2001 daAuts
     D:3: 1893 daAuts
     D:9: 1681 daAuts
  Lair:3: 1658 daAuts
     D:8: 1458 daAuts
  Lair:1: 1366 daAuts
     D:1: 1178 daAuts
     D:7: 1101 daAuts
    D:10: 1036 daAuts
     D:6: 975 daAuts
     D:4: 970 daAuts
   Sewer: 927 daAuts
     D:5: 747 daAuts
    D:11: 482 daAuts
